[Event "WCCC G12 2019"]
[Site "Weifang"]
[Date "2019.08.22"]
[Round "2"]
[White "Wang, Tianna"]
[Black "Velea, Stephanie"]
[Result "1-0"]
[ECO "B51"]
[WhiteElo "1409"]
[BlackElo "1687"]
[Annotator "NA"]
[PlyCount "69"]
[EventDate "2019.08.21"]
[EventType "swiss"]
[EventCountry "CHN"]
[SourceTitle "playchess.com"]
[Source "ChessBase"]
[SourceQuality "1"]
[TimeControl "40/5400+30:1800+30"]

1. e4 c5 2. Nf3 d6 3. Bb5+ Nd7 4. d4 cxd4 5. Qxd4 a6 6. Bxd7+ Bxd7 7. c4 h6 8. Nc3 Nf6 9. O-O e6 10. Qd3 Qc7 11. Bf4 Rc8 12. Nd2 Be7 13. Rac1 O-O 14. b3 Rfd8 15. Nf3 b6 16. Rfd1 Bc6 17. Nd5 exd5 18. cxd5 Bb5 19. Rxc7 Bxd3 20. Rxc8 Rxc8 21. Rxd3 Nxe4 22. Nd4 Bg5 23. Bxg5 hxg5 24. Nc6 Rc7 25. g3 Nf6 26. Nd4 Rc5 27. Nf5 Nxd5 28. Rxd5 Rxd5 29. Ne7+ Kf8 30. Nxd5 Ke8 31. Nxb6 Kd8 32. Kf1 Kc7 33. Nc4 Kc6 34. a3 Kc5 35. Ke2 1-0

[Event "WCCC G12 2019"]
[Site "Weifang"]
[Date "2019.08.23"]
[Round "3"]
[White "Savitha Shri B"]
[Black "Wang, Tianna"]
[Result "1-0"]
[ECO "A07"]
[WhiteElo "2010"]
[BlackElo "1409"]
[Annotator "NA"]
[PlyCount "80"]
[EventDate "2019.08.21"]
[EventType "swiss"]
[EventCountry "CHN"]
[SourceTitle "playchess.com"]
[Source "ChessBase"]
[SourceQuality "1"]
[TimeControl "40/5400+30:1800+30"]

1. Nf3 d5 2. g3 c6 3. Bg2 Bf5 4. O-O e6 5. b3 Nf6 6. Bb2 Bc5 7. d3 O-O 8. Nbd2 Nbd7 9. Re1 Qb6 10. e3 h6 11. Qe2 Bh7 12. Rab1 Rad8 13. b4 Be7 14. a3 Qc7 15. e4 dxe4 16. dxe4 Ra8 17. Rbc1 a5 18. e5 Nd5 19. c3 N5b6 20. Nb3 a4 21. Nbd2 Rfd8 22. h4 Nf8 23. Ne4 Ng6 24. c4 c5 25. h5 Nf8 26. b5 Kh8 27. Nfd2 Rd7 28. f4 Rad8 29. Rc3 Rd4 30. Bc1 Qd7 31. Rc2 Rd3 32. Kh2 f6 33. exf6 gxf6 34. Bf1 Rd4 35. Bb2 Bxe4 36. Nxe4 Rd1 37. Nxf6 Bxf6 38. Bxf6+ Kg8 39. Qg4+ Kf7 40. Rxd1 Nd5 1-0

[Event "WCCC G12 2019"]
[Site "Weifang"]
[Date "2019.08.23"]
[Round "3"]
[White "Mikheeva, Galina"]
[Black "Enkhbolor Nyamdavaa"]
[Result "1-0"]
[ECO "B06"]
[WhiteElo "1952"]
[BlackElo "1627"]
[Annotator "NA"]
[PlyCount "83"]
[EventDate "2019.08.21"]
[EventType "swiss"]
[EventCountry "CHN"]
[SourceTitle "playchess.com"]
[Source "ChessBase"]
[SourceQuality "1"]
[TimeControl "40/5400+30:1800+30"]

1. e4 d6 2. Nc3 Nf6 3. g3 g6 4. Bg2 Bg7 5. d3 O-O 6. f4 e5 7. Nf3 Nc6 8. O-O h6 9. Rb1 a5 10. Ne2 Re8 11. c4 b6 12. a3 Ba6 13. Nc3 Qb8 14. Qa4 Bb7 15. Bd2 Na7 16. Qc2 Bc6 17. Nd5 Nxd5 18. exd5 Bd7 19. fxe5 dxe5 20. b4 axb4 21. axb4 Qd8 22. Bc3 Qe7 23. Rbe1 Qd6 24. Qf2 f6 25. c5 bxc5 26. bxc5 Qa6 27. Nxe5 Bb5 28. Ng4 Rxe1 29. Rxe1 Rf8 30. Ra1 Qc8 31. h3 Qb8 32. c6 Nc8 33. Qb2 Nd6 34. Bxf6 Qb6+ 35. Kh2 Nf5 36. Bxg7 Nxg7 37. Nf6+ Kh8 38. Nd7 Rf2 39. Ra8+ Kh7 40. Nf6+ Rxf6 41. Qxf6 Qc5 42. Qf7 1-0

[Event "WCCC G12 2019"]
[Site "Weifang"]
[Date "2019.08.23"]
[Round "3"]
[White "Manko, Mariya"]
[Black "Li, Yingxuan"]
[Result "0-1"]
[ECO "A13"]
[WhiteElo "1895"]
[BlackElo "1599"]
[Annotator "NA"]
[PlyCount "116"]
[EventDate "2019.08.21"]
[EventType "swiss"]
[EventCountry "CHN"]
[SourceTitle "playchess.com"]
[Source "ChessBase"]
[SourceQuality "1"]
[TimeControl "40/5400+30:1800+30"]

1. Nf3 Nf6 2. c4 e6 3. g3 d5 4. Bg2 dxc4 5. Qa4+ Nbd7 6. Qxc4 c5 7. O-O b6 8. Nd4 Ne5 9. Qc2 Rb8 10. Nc6 Nxc6 11. Bxc6+ Bd7 12. Bg2 Be7 13. d3 Nd5 14. a3 Bf6 15. Nc3 Bc6 16. Ne4 Be5 17. Rb1 Qd7 18. Bd2 O-O 19. Bc3 Nxc3 20. bxc3 g6 21. Rfc1 Rfd8 22. Qd2 Bg7 23. Qf4 f5 24. Nxc5 Qe8 25. Na6 Rbc8 26. Bxc6 Qxc6 27. Nb4 Qa4 28. d4 a5 29. Nd3 Qxa3 30. Qe3 Qd6 31. Rb5 Rc6 32. Rcb1 Qc7 33. Nf4 Rdd6 34. R1b3 Qd7 35. Qf3 Kf8 36. Nxe6+ Rxe6 37. d5 a4 38. Rb1 Rxc3 39. dxe6 Qxb5 40. Rxb5 Rxf3 41. exf3 a3 42. Rxb6 a2 43. Ra6 a1=Q+ 44. Rxa1 Bxa1 45. g4 f4 46. Kf1 Ke7 47. Ke2 Kxe6 48. Kd3 Ke5 49. Kc4 Bd4 50. h4 h5 51. gxh5 gxh5 52. Kd3 Bxf2 53. Ke2 Bxh4 54. Kf1 Kd4 55. Ke2 Bg3 56. Kf1 Ke3 57. Kg2 Bh4 58. Kh3 Kxf3 0-1

[Event "WCCC G12 2019"]
[Site "Weifang"]
[Date "2019.08.23"]
[Round "3"]
[White "Karmanova, Olga Dm."]
[Black "Szopa, Emilia"]
[Result "1-0"]
[ECO "B21"]
[WhiteElo "1838"]
[BlackElo "1482"]
[Annotator "NA"]
[PlyCount "69"]
[EventDate "2019.08.21"]
[EventType "swiss"]
[EventCountry "CHN"]
[SourceTitle "playchess.com"]
[Source "ChessBase"]
[SourceQuality "1"]
[TimeControl "40/5400+30:1800+30"]

1. e4 c5 2. Nc3 Nc6 3. Bb5 g6 4. Bxc6 dxc6 5. f4 Nf6 6. Nf3 Bg7 7. O-O O-O 8. d3 Bg4 9. Be3 b6 10. h3 Bxf3 11. Qxf3 e6 12. g4 Nd7 13. e5 Rc8 14. g5 h5 15. Ne4 Rc7 16. Nf6+ Bxf6 17. gxf6 Kh7 18. Qg2 Rh8 19. Qg5 Kg8 20. Kh2 Qf8 21. Rg1 Rc8 22. Qh4 Qh6 23. Qf2 Qh7 24. a4 a5 25. d4 cxd4 26. Bxd4 c5 27. Be3 Kf8 28. Qe2 Ke8 29. Rg5 Kd8 30. Qa6 Rb8 31. Rd1 Ke8 32. Qa7 Rd8 33. Qc7 Qh6 34. Rg2 h4 35. Rgd2 1-0

[Event "WCCC G12 2019"]
[Site "Weifang"]
[Date "2019.08.23"]
[Round "3"]
[White "Wei, Yaqing"]
[Black "Pallie, Ehsha Mishela"]
[Result "0-1"]
[ECO "B98"]
[WhiteElo "1640"]
[BlackElo "1444"]
[Annotator "NA"]
[PlyCount "100"]
[EventDate "2019.08.21"]
[EventType "swiss"]
[EventCountry "CHN"]
[SourceTitle "playchess.com"]
[Source "ChessBase"]
[SourceQuality "1"]
[TimeControl "40/5400+30:1800+30"]

1. e4 c5 2. Nf3 d6 3. d4 cxd4 4. Nxd4 Nf6 5. Nc3 a6 6. Bg5 e6 7. f4 Be7 8. Qf3 Qc7 9. O-O-O O-O 10. Be2 b5 11. e5 Bb7 12. Qg3 dxe5 13. fxe5 Ne8 14. Bxe7 Qxe7 15. Bf3 Qc7 16. Bxb7 Qxb7 17. Qd3 Nd7 18. Nf3 Nc5 19. Qd4 Qc6 20. Ng5 Rc8 21. Rd2 a5 22. Nce4 Na6 23. a3 b4 24. Qd7 bxa3 25. Qxc6 axb2+ 26. Kxb2 Rxc6 27. Rd8 Nb4 28. c3 Nd5 29. Rd1 h6 30. Nf3 Nec7 31. Rxf8+ Kxf8 32. Ra1 Ne3 33. Nfd2 Rb6+ 34. Kc1 Rb5 35. c4 Rxe5 36. c5 f5 37. Rxa5 fxe4 38. Nb3 Ke7 39. Kb1 Nxg2 40. Kc2 e3 41. Ra1 Kd8 42. Kd3 e2 43. Na5 Re3+ 44. Kc4 e1=Q 45. Nc6+ Kd7 46. Ne5+ Rxe5 47. Kd4 Qe3+ 48. Kc4 Rxc5+ 49. Kb4 Qc3+ 50. Ka4 Ra5# 0-1

[Event "WCCC G12 2019"]
[Site "Weifang"]
[Date "2019.08.23"]
[Round "3"]
[White "Wang, Yuehan"]
[Black "Shvedova, Alexandra"]
[Result "1/2-1/2"]
[ECO "B54"]
[WhiteElo "1600"]
[BlackElo "1932"]
[Annotator "NA"]
[PlyCount "64"]
[EventDate "2019.08.21"]
[EventType "swiss"]
[EventCountry "CHN"]
[SourceTitle "playchess.com"]
[Source "ChessBase"]
[SourceQuality "1"]
[TimeControl "40/5400+30:1800+30"]

1. e4 c5 2. Nf3 d6 3. d4 cxd4 4. Nxd4 Nf6 5. f3 a6 6. c4 e6 7. Nc3 Nc6 8. Be3 Qc7 9. Be2 Be7 10. Qd2 O-O 11. O-O Rd8 12. Rac1 Ne5 13. Rfd1 b6 14. Bf1 Bb7 15. Qf2 Rac8 16. b4 Qd7 17. Nb3 Nxc4 18. Bxb6 Nxb6 19. Qxb6 Rc6 20. Qe3 Rc7 21. e5 Rxc3 22. Qxc3 Nd5 23. Qd2 h6 24. Qe1 Bg5 25. Rc4 Ba8 26. f4 Be7 27. Rdc1 dxe5 28. fxe5 Bg5 29. Rd1 Qa7+ 30. Kh1 h5 31. h4 Bh6 32. Nc5 Re8 1/2-1/2

[Event "WCCC G12 2019"]
[Site "Weifang"]
[Date "2019.08.23"]
[Round "3"]
[White "Zakirova, Aisha"]
[Black "Wang, Ellen"]
[Result "0-1"]
[ECO "E73"]
[WhiteElo "1595"]
[BlackElo "1867"]
[Annotator "NA"]
[PlyCount "156"]
[EventDate "2019.08.21"]
[EventType "swiss"]
[EventCountry "CHN"]
[SourceTitle "playchess.com"]
[Source "ChessBase"]
[SourceQuality "1"]
[TimeControl "40/5400+30:1800+30"]

1. d4 Nf6 2. c4 g6 3. Nc3 Bg7 4. e4 d6 5. Be2 O-O 6. Bg5 Na6 7. Qd2 e5 8. d5 Nc5 9. f3 a5 10. g4 c6 11. h4 cxd5 12. cxd5 Bd7 13. h5 Rb8 14. Bh6 Qe7 15. Nb5 Rfc8 16. Bxg7 Kxg7 17. hxg6 fxg6 18. Qh6+ Kg8 19. g5 Ne8 20. Kf2 Qf7 21. Rh4 Na4 22. b3 Nc3 23. Nxc3 Rxc3 24. Nh3 Qg7 25. Ng1 b5 26. Bd1 Rbc8 27. Ne2 R3c5 28. Qxg7+ Kxg7 29. Ke3 b4 30. a4 Nc7 31. Kd2 Na6 32. Rb1 Rf8 33. Ng3 Rc3 34. Nf1 Nc5 35. Ne3 Nb7 36. Ra1 Rfc8 37. Rb1 Nc5 38. Rb2 Nd3 39. Rb1 Nf4 40. Nc4 Rd3+ 41. Kc1 Bxa4 42. Bc2 Rc3 43. Rh2 Bxb3 44. Rxb3 R8xc4 45. Kb1 Rxb3+ 46. Bxb3 Rc3 47. Bd1 Nd3 48. Bc2 b3 49. Bxd3 Rxd3 50. Rf2 a4 51. Kb2 Rd4 52. Ka3 Rc4 53. Kb2 h5 54. gxh6+ Kxh6 55. Rg2 Kg7 56. Rf2 Kf6 57. Rg2 Rc2+ 58. Rxc2 bxc2 59. Kxc2 Kg5 60. Kb2 Kf4 61. Ka3 Kxf3 62. Kxa4 Kxe4 63. Kb5 Kxd5 64. Kb4 Kd4 65. Kb3 Kd3 66. Kb2 Kd2 67. Kb3 e4 68. Kc4 e3 69. Kd5 e2 70. Kxd6 e1=Q 71. Kc7 Qe6 72. Kb7 Qd6 73. Ka7 Qb4 74. Ka8 Kd3 75. Ka7 Kc4 76. Ka8 Kc5 77. Ka7 Kc6 78. Ka8 Qb7# 0-1

[Event "WCCC G12 2019"]
[Site "Weifang"]
[Date "2019.08.23"]
[Round "3"]
[White "Nguyen, Le Cam Hien"]
[Black "Nurmanova, Alua"]
[Result "0-1"]
[ECO "B81"]
[WhiteElo "1579"]
[BlackElo "1850"]
[Annotator "NA"]
[PlyCount "48"]
[EventDate "2019.08.21"]
[EventType "swiss"]
[EventCountry "CHN"]
[SourceTitle "playchess.com"]
[Source "ChessBase"]
[SourceQuality "1"]
[TimeControl "40/5400+30:1800+30"]

1. e4 c5 2. Nf3 d6 3. d4 cxd4 4. Nxd4 Nf6 5. Nc3 a6 6. h3 e6 7. g4 b5 8. g5 b4 9. gxf6 bxc3 10. fxg7 Bxg7 11. Rg1 cxb2 12. Bxb2 Be5 13. Bc4 Bd7 14. Qh5 Qa5+ 15. Ke2 Qb4 16. Ke3 Qxb2 17. c3 Bxd4+ 18. cxd4 Nc6 19. Rgc1 Qxd4+ 20. Ke2 Rb8 21. Qf3 Rb2+ 22. Kf1 Ne5 23. Qf6 Rg8 24. Bxa6 Qxe4 0-1

[Event "WCCC G12 2019"]
[Site "Weifang"]
[Date "2019.08.23"]
[Round "3"]
[White "Sun, Chen"]
[Black "Bayasgalan, Khishigbaatar"]
[Result "1/2-1/2"]
[ECO "B26"]
[WhiteElo "1529"]
[BlackElo "1643"]
[Annotator "NA"]
[PlyCount "80"]
[EventDate "2019.08.21"]
[EventType "swiss"]
[EventCountry "CHN"]
[SourceTitle "playchess.com"]
[Source "ChessBase"]
[SourceQuality "1"]
[TimeControl "40/5400+30:1800+30"]

1. e4 c5 2. Nc3 Nc6 3. g3 e6 4. Bg2 d6 5. d3 g6 6. Be3 Bg7 7. Nge2 Nge7 8. O-O O-O 9. Qd2 Nd4 10. Nd1 Rb8 11. c3 Nxe2+ 12. Qxe2 Nc6 13. f4 Bd7 14. Nf2 b6 15. Rad1 Qe8 16. Rfe1 e5 17. fxe5 dxe5 18. Qd2 Be6 19. b3 Qe7 20. Bh6 Rfd8 21. Bxg7 Kxg7 22. Qe2 b5 23. h4 h5 24. Bh3 Bxh3 25. Nxh3 Qc7 26. Ng5 Rd6 27. Rf1 f6 28. Nf3 Rbd8 29. Qf2 c4 30. bxc4 bxc4 31. d4 Qa5 32. Rc1 exd4 33. cxd4 Nxd4 34. Nxd4 Rxd4 35. Qxf6+ Kh6 36. Qf4+ Kh7 37. Qf7+ Kh8 38. Qf6+ Kh7 39. Qf7+ Kh8 40. Qf6+ Kh7 1/2-1/2

[Event "WCCC G12 2019"]
[Site "Weifang"]
[Date "2019.08.24"]
[Round "4"]
[White "Yan, Ruiyang"]
[Black "Anudari Tsogdelger"]
[Result "1-0"]
[ECO "B41"]
[WhiteElo "1983"]
[BlackElo "1594"]
[Annotator "NA"]
[PlyCount "95"]
[EventDate "2019.08.21"]
[EventType "swiss"]
[EventCountry "CHN"]
[SourceTitle "playchess.com"]
[Source "ChessBase"]
[SourceQuality "1"]
[TimeControl "40/5400+30:1800+30"]

1. e4 c5 2. Nf3 e6 3. d4 cxd4 4. Nxd4 a6 5. c4 Bc5 6. Be3 Qb6 7. Qd2 Nc6 8. Nb3 Bxe3 9. fxe3 Nf6 10. Nc3 Qb4 11. Be2 O-O 12. O-O-O b6 13. g4 Na5 14. e5 Nxb3+ 15. axb3 Ne8 16. Bf3 Rb8 17. Kc2 Qc5 18. Qd4 f6 19. exf6 Qxd4 20. exd4 gxf6 21. b4 Nd6 22. b3 Bb7 23. d5 e5 24. c5 Nb5 25. Nxb5 axb5 26. Kb1 bxc5 27. bxc5 b4 28. c6 dxc6 29. dxc6 Ba6 30. Rd7 Rbd8 31. Rhd1 Rxd7 32. Rxd7 Rc8 33. c7 Kf8 34. Rd6 Bd3+ 35. Rxd3 Rxc7 36. Be4 h6 37. Kb2 Ke7 38. Bf5 Ra7 39. Rh3 Kd6 40. Rxh6 Rf7 41. g5 Ke7 42. g6 Rf8 43. Rh7+ Kd6 44. g7 Rg8 45. Bd3 f5 46. Bc4 Rd8 47. Rh8 Rxh8 48. gxh8=Q 1-0

[Event "WCCC G12 2019"]
[Site "Weifang"]
[Date "2019.08.24"]
[Round "4"]
[White "Shvedova, Alexandra"]
[Black "Wang, Xiyue"]
[Result "1/2-1/2"]
[ECO "B43"]
[WhiteElo "1932"]
[BlackElo "1540"]
[Annotator "NA"]
[PlyCount "111"]
[EventDate "2019.08.21"]
[EventType "swiss"]
[EventCountry "CHN"]
[SourceTitle "playchess.com"]
[Source "ChessBase"]
[SourceQuality "1"]
[TimeControl "40/5400+30:1800+30"]

1. e4 c5 2. Nf3 e6 3. d4 cxd4 4. Nxd4 a6 5. Nc3 Qc7 6. Qf3 Nf6 7. Qg3 Qxg3 8. hxg3 Bb4 9. f3 Nc6 10. Nxc6 bxc6 11. e5 Nd5 12. Bd2 Rb8 13. Ne4 Be7 14. O-O-O Bb7 15. c4 f5 16. cxd5 fxe4 17. d6 Bd8 18. fxe4 O-O 19. Be3 c5 20. Bd3 Rc8 21. b3 Bb6 22. Rh4 c4 23. Bxb6 cxd3+ 24. Bc7 Rf2 25. Rd2 Rcf8 26. Rg4 Rf1+ 27. Kb2 R1f2 28. Ba5 Re2 29. Kc3 Rxe4 30. Rxe4 Bxe4 31. Kd4 Bg6 32. Kc5 Rb8 33. Bb6 Kf7 34. Rf2+ Kg8 35. a4 Be4 36. b4 h6 37. b5 axb5 38. axb5 Kh7 39. Bc7 Ra8 40. Kd4 Ra4+ 41. Ke3 Bb7 42. Rf7 Re4+ 43. Kxd3 Rxe5 44. Rxd7 Rxb5 45. Re7 Rd5+ 46. Kc4 Bc8 47. Bb8 Ba6+ 48. Kc3 e5 49. Ra7 Bc8 50. Kc4 Be6 51. Re7 Rxd6+ 52. Kc5 Rd8 53. Bd6 Bg4 54. Bxe5 Rd7 55. Re8 Kg6 56. Bd6 1/2-1/2

[Event "WCCC G12 2019"]
[Site "Weifang"]
[Date "2019.08.24"]
[Round "4"]
[White "Bayasgalan, Khishigbaatar"]
[Black "Zhu, Jenny"]
[Result "1-0"]
[ECO "B22"]
[WhiteElo "1643"]
[BlackElo "1516"]
[Annotator "NA"]
[PlyCount "103"]
[EventDate "2019.08.21"]
[EventType "swiss"]
[EventCountry "CHN"]
[SourceTitle "playchess.com"]
[Source "ChessBase"]
[SourceQuality "1"]
[TimeControl "40/5400+30:1800+30"]

1. e4 c5 2. d4 cxd4 3. c3 Nf6 4. e5 Nd5 5. cxd4 e6 6. Bc4 d6 7. Nf3 Nc6 8. O-O Nb6 9. Be2 Be7 10. Nc3 O-O 11. Bf4 Nb4 12. Nb5 N4d5 13. Bg3 dxe5 14. dxe5 Bd7 15. Qb3 Bxb5 16. Bxb5 Rc8 17. Rac1 a6 18. Bd3 Qd7 19. Be4 Rc7 20. Qd3 h6 21. Rxc7 Qxc7 22. Nd2 Rd8 23. Qe2 Qc5 24. Bb1 Qa5 25. Ne4 Rc8 26. Qd3 g6 27. Nd2 Na4 28. Nc4 Qb4 29. b3 b5 30. Nd6 Nc5 31. Qf3 Bxd6 32. exd6 Nb7 33. Be4 Qc5 34. Bxd5 Qxd5 35. Qxd5 exd5 36. Rd1 Kf8 37. h3 Ke8 38. Re1+ Kd7 39. Re7+ Kc6 40. Rxf7 d4 41. Kf1 Re8 42. Rc7+ Kb6 43. Re7 Rd8 44. b4 Nxd6 45. Re6 Kc7 46. Rxg6 Kc6 47. Rxh6 Kd5 48. Rxd6+ Rxd6 49. Bxd6 Kxd6 50. Ke2 Ke5 51. Kd3 Kd5 52. f4 1-0

[Event "WCCC G12 2019"]
[Site "Weifang"]
[Date "2019.08.24"]
[Round "4"]
[White "Sun, Chen"]
[Black "Jiang, Kate Yuhua"]
[Result "1-0"]
[ECO "C50"]
[WhiteElo "1529"]
[BlackElo "1671"]
[Annotator "NA"]
[PlyCount "137"]
[EventDate "2019.08.21"]
[EventType "swiss"]
[EventCountry "CHN"]
[SourceTitle "playchess.com"]
[Source "ChessBase"]
[SourceQuality "1"]
[TimeControl "40/5400+30:1800+30"]

1. e4 e5 2. Bc4 Nc6 3. d3 Nf6 4. Nf3 Bc5 5. O-O d6 6. h3 h6 7. a3 O-O 8. Nc3 Re8 9. Na4 Bb6 10. Nxb6 axb6 11. Nd2 d5 12. exd5 Nxd5 13. Ne4 Be6 14. Ng3 Qd7 15. Nh5 Kh7 16. c3 Nde7 17. Bb5 Rad8 18. Re1 Ng6 19. f4 Qd6 20. fxe5 Qc5+ 21. d4 Qxb5 22. Qd2 Rh8 23. Qf2 Na5 24. Be3 Nc4 25. Bc1 c5 26. Rf1 cxd4 27. cxd4 Qd7 28. b3 Na5 29. Bb2 Nxb3 30. Rad1 Bd5 31. Qe3 Na5 32. Bc1 Qe7 33. Ng3 Nc4 34. Qd3 Be6 35. Qc3 b5 36. Ne4 Bd5 37. Ng3 Rc8 38. Nf5 Qd7 39. Qg3 Be6 40. Nh4 Nxh4 41. Qxh4 Rhd8 42. Bxh6 Rh8 43. Bxg7+ Kxg7 44. Qf6+ Kg8 45. Rd3 Rh7 46. Rg3+ Kf8 47. Qg6 Qxd4+ 48. Kh2 Rh4 49. Qxe6 Rc7 50. Qf6 Nxe5 51. Qg7+ Ke8 52. Qg8+ Kd7 53. Rxf7+ Kc6 54. Rf6+ Kc5 55. Qf8+ Kd5 56. Rd6+ Kc5 57. Rxd4+ Kxd4 58. Qd6+ Ke4 59. Qxc7 Rf4 60. Qxb7+ Kf5 61. Qh7+ Ke6 62. Qh6+ Kd5 63. Qxf4 Ke6 64. Re3 Kd7 65. Qxe5 b4 66. Rd3+ Kc6 67. Rd6+ Kc7 68. Qe7+ Kc8 69. Rd8# 1-0

[Event "WCCC G12 2019"]
[Site "Weifang"]
[Date "2019.08.24"]
[Round "4"]
[White "Peng, Sophia"]
[Black "Manko, Mariya"]
[Result "1/2-1/2"]
[ECO "A43"]
[WhiteElo "1471"]
[BlackElo "1895"]
[Annotator "NA"]
[PlyCount "103"]
[EventDate "2019.08.21"]
[EventType "swiss"]
[EventCountry "CHN"]
[SourceTitle "playchess.com"]
[Source "ChessBase"]
[SourceQuality "1"]
[TimeControl "40/5400+30:1800+30"]

1. d4 Nf6 2. Nc3 c5 3. d5 d6 4. e4 g6 5. Nf3 Bg7 6. Bb5+ Bd7 7. a4 O-O 8. O-O Bg4 9. h3 Bxf3 10. Qxf3 Nbd7 11. Bf4 Ne8 12. Qe3 Nc7 13. Bxd7 Qxd7 14. Rfd1 b5 15. axb5 Nxb5 16. e5 Nd4 17. Rd2 Nf5 18. Qe4 dxe5 19. Bxe5 Nd6 20. Bxd6 exd6 21. Qd3 Rfe8 22. Ra2 Re1+ 23. Kh2 Rae8 24. Nb5 Be5+ 25. g3 Bd4 26. g4 Be5+ 27. Kg2 Bf4 28. Rxa7 Qd8 29. Rd1 c4 30. Qf3 Rxd1 31. Qxd1 Qb6 32. Qd4 Qxb5 33. Qxf4 Qxd5+ 34. Qf3 Qe6 35. b4 cxb3 36. cxb3 d5 37. b4 Rb8 38. Qf4 Qe4+ 39. Qxe4 dxe4 40. Ra4 Rb5 41. Kf1 f5 42. gxf5 gxf5 43. Ke2 Kf7 44. Ke3 Ke6 45. Kf4 Rb6 46. Ra7 Rxb4 47. Rxh7 Rb3 48. Rh6+ Kf7 49. Kxf5 Rf3+ 50. Kxe4 Rxf2 51. Rh4 Kg6 52. Rf4 1/2-1/2

[Event "WCCC G12 2019"]
[Site "Weifang"]
[Date "2019.08.24"]
[Round "4"]
[White "Wang, Tianna"]
[Black "Tang, Zoey"]
[Result "0-1"]
[ECO "B51"]
[WhiteElo "1409"]
[BlackElo "1866"]
[Annotator "NA"]
[PlyCount "112"]
[EventDate "2019.08.21"]
[EventType "swiss"]
[EventCountry "CHN"]
[SourceTitle "playchess.com"]
[Source "ChessBase"]
[SourceQuality "1"]
[TimeControl "40/5400+30:1800+30"]

1. e4 c5 2. Nf3 d6 3. Bb5+ Nd7 4. d4 cxd4 5. Qxd4 a6 6. Bxd7+ Bxd7 7. c4 e5 8. Qd3 b5 9. Nc3 bxc4 10. Qxc4 Nf6 11. Ng5 Qe7 12. O-O h6 13. Nf3 Qe6 14. Qd3 Be7 15. h3 Bc6 16. Nh4 Nxe4 17. Nxe4 Bxh4 18. Nxd6+ Kf8 19. Nf5 Bf6 20. Qa3+ Kg8 21. Ne3 Be7 22. Qa5 Kh7 23. Ng4 Bd6 24. Re1 Qg6 25. Ne3 Rhb8 26. a3 Rb5 27. Qd2 Rd8 28. Qe2 f5 29. Qc4 Rc5 30. Qh4 Re8 31. Qg3 Qf6 32. Nf1 f4 33. Qg4 e4 34. h4 h5 35. Qh3 Qg6 36. Bd2 Rf5 37. Bb4 Bb8 38. Rad1 e3 39. Re2 Bb5 40. Rc2 e2 41. Re1 exf1=Q+ 42. Rxf1 Bxf1 43. Kxf1 Rd5 44. Rc1 Qe4 45. Kg1 Rd3 46. Qh2 f3 47. g3 Qe2 48. Qh3 Rd1+ 49. Rxd1 Qxd1+ 50. Kh2 Qc2 51. Bd2 Qxd2 52. Qf5+ Kg8 53. Qxf3 Rf8 54. Qb3+ Kh8 55. Qb7 Rxf2+ 56. Kh3 Rh2# 0-1

[Event "WCCC G12 2019"]
[Site "Weifang"]
[Date "2019.08.25"]
[Round "5"]
[White "Shvedova, Alexandra"]
[Black "Wang, Xiyue"]
[Result "0-1"]
[ECO "A45"]
[WhiteElo "1932"]
[BlackElo "1540"]
[Annotator "NA"]
[PlyCount "126"]
[EventDate "2019.08.21"]
[EventType "swiss"]
[EventCountry "CHN"]
[SourceTitle "playchess.com"]
[Source "ChessBase"]
[SourceQuality "1"]
[TimeControl "40/5400+30:1800+30"]

1. d4 Nf6 2. Bg5 h6 3. Bxf6 exf6 4. e3 d5 5. g3 Bd6 6. Bg2 c6 7. Ne2 O-O 8. O-O Bf5 9. Nd2 Re8 10. c4 dxc4 11. Nxc4 Bf8 12. Rc1 Na6 13. a3 Qd7 14. Nf4 Rad8 15. b4 Nc7 16. Kh1 Ne6 17. Nd3 b6 18. Ncb2 c5 19. bxc5 bxc5 20. e4 Bh7 21. dxc5 Qb5 22. a4 Qa5 23. Qe1 Qc7 24. Qc3 Nd4 25. Rce1 Re6 26. Nf4 Ra6 27. Rc1 Qe5 28. Nbd3 Qe8 29. Rfe1 Rxa4 30. Nd5 Nc6 31. f3 Qd7 32. N3f4 Ra5 33. Qe3 Ne5 34. Red1 Qc6 35. Nd3 Nxd3 36. Qxd3 Rb8 37. Qe3 Rxc5 38. Ra1 a5 39. Ra2 a4 40. f4 Rc2 41. e5 Qc5 42. Rxc2 Qxc2 43. Rc1 Rb1 44. Rxb1 Qxb1+ 45. Qg1 Qxg1+ 46. Kxg1 fxe5 47. fxe5 a3 48. Nc3 Bc5+ 49. Kh1 Bd4 50. Na2 Bb1 51. Bd5 Bxe5 52. Kg2 Kf8 53. Kf3 f5 54. Ke3 Ke7 55. Bb3 Kf6 56. Nb4 Kg5 57. Kf3 Be4+ 58. Kf2 Kg4 59. Nd5 Kh3 60. Kg1 Bd4+ 61. Kf1 Kxh2 62. Nf4 Bb1 63. Ne2 Bb2 0-1

[Event "WCCC G12 2019"]
[Site "Weifang"]
[Date "2019.08.25"]
[Round "5"]
[White "Shvedova, Alexandra"]
[Black "Wang, Xiyue"]
[Result "*"]
[ECO "A45"]
[WhiteElo "1932"]
[BlackElo "1540"]
[Annotator "NA"]
[PlyCount "43"]
[EventDate "2019.08.21"]
[EventType "swiss"]
[EventCountry "CHN"]
[SourceTitle "playchess.com"]
[Source "ChessBase"]
[SourceQuality "1"]
[TimeControl "40/5400+30:1800+30"]

1. d4 Nf6 2. Bg5 h6 3. Bxf6 exf6 4. e3 d5 5. g3 Bd6 6. Bg2 c6 7. Ne2 O-O 8. O-O Bf5 9. Nd2 Re8 10. c4 dxc4 11. Nxc4 Rf8 12. Rc1 Na6 13. a3 Qd7 14. Nf4 Rad8 15. b4 Nc7 16. Kh1 Ne6 17. Nd3 b6 18. Ncb2 c5 19. bxc5 bxc5 20. e4 Bh7 21. dxc5 Qb5 22. a4 *

[Event "WCCC G12 2019"]
[Site "Weifang"]
[Date "2019.08.25"]
[Round "5"]
[White "Bayasgalan, Khishigbaatar"]
[Black "Zhu, Jenny"]
[Result "1-0"]
[ECO "B36"]
[WhiteElo "1643"]
[BlackElo "1516"]
[Annotator "NA"]
[PlyCount "83"]
[EventDate "2019.08.21"]
[EventType "swiss"]
[EventCountry "CHN"]
[SourceTitle "playchess.com"]
[Source "ChessBase"]
[SourceQuality "1"]
[TimeControl "40/5400+30:1800+30"]

1. e4 c5 2. Nf3 Nc6 3. d4 cxd4 4. Nxd4 g6 5. c4 Nf6 6. Nc3 d6 7. Be2 Nxd4 8. Qxd4 Bg7 9. O-O O-O 10. Qd3 Be6 11. Be3 b6 12. Rac1 Rc8 13. b3 Nd7 14. Bd4 Ne5 15. Qd2 Nc6 16. Bxg7 Kxg7 17. f4 f5 18. Bd3 Qe8 19. exf5 Bxf5 20. Nd5 Qf7 21. Kh1 Bxd3 22. Qxd3 Qf5 23. Qc3+ Kg8 24. Rcd1 e5 25. Rf3 e4 26. Re3 Rce8 27. h3 Ne7 28. Nc7 Rc8 29. Nb5 Qxf4 30. Nxd6 Rcd8 31. c5 bxc5 32. Qc4+ Kg7 33. Rxe4 Qf6 34. Re6 Qg5 35. h4 Qh5 36. Rxe7+ Kh6 37. Qc1+ g5 38. Re6+ Kg7 39. Qxg5+ Qxg5 40. hxg5 Rf2 41. Nf5+ Rxf5 42. Rxd8 1-0

[Event "WCCC G12 2019"]
[Site "Weifang"]
[Date "2019.08.25"]
[Round "5"]
[White "Sun, Chen"]
[Black "Jiang, Kate Yuhua"]
[Result "1-0"]
[ECO "C84"]
[WhiteElo "1529"]
[BlackElo "1671"]
[Annotator "NA"]
[PlyCount "91"]
[EventDate "2019.08.21"]
[EventType "swiss"]
[EventCountry "CHN"]
[SourceTitle "playchess.com"]
[Source "ChessBase"]
[SourceQuality "1"]
[TimeControl "40/5400+30:1800+30"]

1. e4 e5 2. Nf3 Nc6 3. Bb5 a6 4. Ba4 Nf6 5. d4 exd4 6. O-O Be7 7. Re1 b5 8. Bb3 d6 9. Nxd4 Bb7 10. Bd5 Qd7 11. Bg5 O-O 12. Bxc6 Bxc6 13. Nf5 Bd8 14. Ng3 Ng4 15. Bxd8 Raxd8 16. Nc3 Nh6 17. Nd5 Rde8 18. Qd2 Bxd5 19. Qxd5 c6 20. Qd2 Re6 21. Rad1 Rfe8 22. h3 Qe7 23. Re3 f5 24. Nxf5 Nxf5 25. exf5 Rxe3 26. Qxe3 d5 27. Qxe7 Rxe7 28. Kf1 Re5 29. g4 Kf7 30. Rd3 b4 31. c3 a5 32. Re3 Kf6 33. Ke2 c5 34. f4 Rxe3+ 35. Kxe3 d4+ 36. cxd4 c4 37. d5 b3 38. axb3 cxb3 39. Kd3 a4 40. Kc3 Ke7 41. Kb4 Kd6 42. Kxa4 Kxd5 43. Kxb3 Ke4 44. Kc4 Kxf4 45. b4 Kg5 46. b5 1-0